 Dungeon Crawl Stone Soup version 0.30-a0-424-g7412bad402 (webtiles) character file.

Game seed: 4011146852213695852

4622 Gildeon the Cleaver (level 10, -10/88 HPs)
             Began as a Minotaur Fighter on Dec 9, 2022.
             Was an Initiate of Ashenzari.
             Mangled by a yak (13 damage)
             ... on level 7 of the Dungeon.
             The game lasted 00:20:18 (6924 turns).

Gildeon the Cleaver (Minotaur Fighter)              Turns: 6924, Time: 00:20:18

Health: -10/88     AC: 15    Str: 23    XL:     10   Next: 19%
Magic:  15/15      EV: 12    Int:  5    God:    Ashenzari [......]
Gold:   515        SH:  5    Dex: 12    Spells: 18/18 levels left

rFire   . . .      SeeInvis .    a - +2 war axe
rCold   . . .      Faith    .    c - +0 buckler
rNeg    . . .      Spirit   .    f - +0 plate armour
rPois   +          Reflect  .    (helmet restricted)
rElec   .          Harm     .    g - +0 cloak
rCorr   .          Rampage  .    r - +1 pair of gloves
Will    .....                    (no boots)
Stlth   ..........               A - amulet "Overhang to Understand" {Regen+, Comp, Elem} (curse)
HPRegen 1.14/turn                v - ring of poison resistance
MPRegen 0.14/turn                p - +4 ring of evasion

@: no status effects
A: horns 2, retaliatory headbutt
a: Renounce Religion, Curse Item, Shatter the Chains


You were on level 7 of the Dungeon.
You worshipped Ashenzari.
Ashenzari was noncommittal.
You visited 2 branches of the dungeon, and saw 9 of its levels.

You collected 515 gold pieces.

Inventory:

Hand Weapons
 a - a +2 war axe (weapon)
 o - a +0 flail
 y - the +5 trident of the Tundras {vorpal, rPois MP+9 Int+3}
   (You found it on level 7 of the Dungeon)

   It inflicts extra damage upon your enemies.
   Int:       It affects your intelligence (+3).
   rPois:     It protects you from poison.
   MP:        It affects your magic capacity (+9).
Armour
 c - a +0 buckler (worn)
 f - a +0 plate armour (worn)
 g - a +0 cloak (worn)
 r - a +1 pair of gloves (worn)
Jewellery
 l - a ring of willpower
 p - a +4 ring of evasion (right hand)
 v - a ring of poison resistance (left hand)
 A - the cursed amulet "Overhang to Understand" (around neck) {Regen+, Comp, Elem}
   (You found it on level 7 of the Dungeon)

   [amulet of regeneration]

   Regen:     It increases your rate of health regeneration.
   It has a curse which improves the following skills: Companions: Summonings
   and Necromancy.
   Elements:  Fire Magic, Ice Magic, Air Magic and Earth Magic.
Wands
 B - a wand of paralysis (7)
Scrolls
 n - a scroll of vulnerability {unknown}
 q - 2 scrolls of brand weapon {unknown}
 s - 2 scrolls of teleportation
Potions
 b - 2 potions of resistance
 d - 3 potions of might
 h - a potion of invisibility {unknown}
 i - 4 potions of attraction
 j - 2 potions of lignification {unknown}
 k - 3 potions of mutation
 m - 5 potions of curing
 t - a potion of cancellation {unknown}
 u - a potion of heal wounds {unknown}
 w - a potion of berserk rage {unknown}
 x - 2 potions of brilliance {unknown}
 z - a potion of degeneration {unknown}


   Skills:
 + Level 7.7 Fighting
 + Level 11.0 Axes
 - Level 5.0 Throwing
 - Level 5.0 Armour
 - Level 5.0 Dodging
 - Level 5.0 Shields
 + Level 4.5 Spellcasting


You had 18 spell levels left.
You didn't know any spells.
Your spell library contained the following spells:

 Spells                   Type           Power      Damage    Failure   Level
 Foxfire                  Conj/Fire      4%         2x1d4     100%        1
 Kiss of Death            Conj/Necr      4%         2d5       100%        1
 Confusing Touch          Hex            1%         N/A       100%        3
 Ignite Poison            Fire/Tmut/Pois 1%         N/A       100%        3
 Dispel Undead            Necr           1%         3d6       100%        4
 Sticky Flame             Conj/Fire      1%         2d3       100%        4
 Fireball                 Conj/Fire      0%         3d3       100%        5
 Starburst                Conj/Fire      0%         6d3       100%        6
 Ignition                 Fire           0%         3d3       100%        8


Dungeon Overview and Level Annotations

Branches:
Dungeon (8/15)             Temple (1/1) D:7
   Lair: D:8-11

Altars:
Ashenzari
Cheibriados
Elyvilon
Fedhas
Gozag
Hepliaklqana
Kikubaaqudgha
Makhleb
Nemelex Xobeh
Okawaru
Qazlal
Ru
Sif Muna
Trog
Vehumet
Wu Jian
Xom
Yredelemnul
Zin
The Shining One

Shops:
D:1 [*=   D:3 =   D:5 [


Innate Abilities, Weirdness & Mutations

You have a pair of horns on your head.
You reflexively headbutt those who attack you in melee.


Message History

The yak gores you. x2; The yak gores you but does no damage.
The yak misses you.
Your Axes skill increases to level 11!
You slash the yak!
The yak is heavily wounded.
You closely miss the yak. You slash the yak! You barely miss the yak.
The yak gores you!
* * * LOW HITPOINT WARNING * * *
The yak gores you!
* * * LOW HITPOINT WARNING * * *
The yak gores you but does no damage. The yak gores you.
* * * LOW HITPOINT WARNING * * *
The yak attacks as you move away! You block the yak's attack.
The yak attacks as you move away! The yak gores you but does no damage.
The yak attacks as you move away! The yak barely misses you.
You furiously retaliate!
You headbutt the yak!
There is a stone staircase leading up here.
The yak gores you but does no damage. The yak closely misses you.
You block the yak's attack. The yak barely misses you.
You climb upwards.
There is a stone staircase leading down here.
The air fills with toxic fumes!
As you read the scroll of poison, it crumbles to dust.
The yak barely misses you. x2; The yak closely misses you.
The yak barely misses you.
You hit the yak.
The yak is moderately wounded.
You closely miss the yak. You slash the yak!
You kill the yak!
You slash the yak! The yak gores you but does no damage. The yak misses you.
The yak gores you!
* * * LOW HITPOINT WARNING * * *
You slice the yak!!
The yak is almost dead.
You hit the yak. x2; The yak gores you but does no damage.
The yak gores you.
* * * LOW HITPOINT WARNING * * *
You block the yak's attack.
You feel better. The yak gores you.
* * * LOW HITPOINT WARNING * * *
The yak gores you!
You die...

####.......####..###########.....
..........§§§§§§§§§§§§§§.........
.......###.§§§§§§§§§§§§§.....(...
.....### ###§§§§§§§§§§§§.........
.....#######§§§§§§§§§§§§.[.......
.........§§§§§§§§§§§§§§§.[.......
.........§§§§§§§§§§§§§§§.[.......
).##.....§§§§§§YY†§§§§§§.........
..##.....§§§§§§§@§§§§§§§.........
.####...###§§§§§Y§§§§§§§.........
.# #...##§§§§§§§§§§§§§§.........
## ##..##§§§§§§§§§§§§§§.........
# #...#§§§§§§§§§§§§§§......... #
#...§§§§§§§§§§§§§§§......... ##
#...§§§§§§§§§§§§§§§......... .#
##...§§§§§§§§§§§§§§§.........
.####............................


You could see 3 yaks.

Vanquished Creatures
  Pikel (D:6)
  Prince Ribbit (D:6)
  2 yaks
  A wyvern (D:7)
  A steam dragon (D:7)
  2 swamp worms (D:7)
  3 water moccasins
  Duvessa (D:6)
  2 orc warriors
  A hornet zombie (D:7)
  A sky beast (D:6)
  2 ice beasts
  5 centaurs
  An ogre (D:4)
  A phantom (D:5)
  A kobold brigand (D:7)
  2 lemures (D:6)
  4 bullfrogs
  3 necrophages
  7 wights (D:7)
  A water moccasin zombie (D:7)
  Dowan (D:6)
  Crazy Yiuf (D:5)
  An orc priest (D:3)
  A gnoll bouda (D:7)
  2 jellies (D:7)
  5 iguanas
  An orc wizard (D:6)
  3 howler monkey zombies (D:7)
  19 gnolls
  7 adders
  2 white imps
  2 ufetubi (D:5)
  3 worms (D:2)
  2 dart slugs (D:1)
  8 orcs
  8 endoplasms
  2 giant cockroaches
  3 goblins
  8 hobgoblins
  6 jackals (D:1)
  3 quokkas
  9 ball pythons
  10 bats
  2 frilled lizards
  14 kobolds
  A rat (D:3)
167 creatures vanquished.

Vanquished Creatures (others)
  3 fungi (D:5)
  5 plants
  9 withered plants
17 creatures vanquished.

Grand Total: 184 creatures vanquished

Notes
Turn   | Place    | Note
-------+----------+-------------------------------------------
     0 | D:1      | Gildeon the Minotaur Fighter began the quest for the Orb.
     0 | D:1      | Reached XP level 1. HP: 19/19 MP: 0/0
   160 | D:1      | Reached XP level 2. HP: 27/27 MP: 1/1
   167 | D:1      | Found Pifoll's Jewellery Boutique.
   379 | D:1      | Reached skill level 3 in Axes
   401 | D:1      | Found Causoina's Armour Shoppe.
   532 | D:1      | Found Heewot's Assorted Antiques.
   638 | D:1      | Reached XP level 3. HP: 33/33 MP: 2/2
   922 | D:2      | Found a radiant altar of Vehumet.
  1071 | D:2      | Reached XP level 4. HP: 34/41 MP: 3/3
  1322 | D:2      | Found a faded altar of an unknown god.
  1492 | D:2      | Reached skill level 4 in Axes
  2178 | D:3      | Found Inushir's Jewellery Shop.
  2431 | D:4      | Noticed a necrophage
  2438 | D:3      | Reached skill level 5 in Fighting
  2438 | D:3      | Reached skill level 5 in Armour
  2438 | D:3      | Reached XP level 5. HP: 48/48 MP: 4/4
  2445 | D:3      | Reached skill level 1 in Dodging
  2632 | D:4      | Found an iron altar of Okawaru.
  2647 | D:4      | Reached skill level 5 in Axes
  2675 | D:4      | Reached XP level 6. HP: 56/56 MP: 5/5
  2788 | D:4      | Found a broken altar of Ashenzari.
  3222 | D:4      | Became a worshipper of Ashenzari the Shackled
  3238 | D:5      | Entered Level 5 of the Dungeon
  3418 | D:5      | Found Ynezet's Antique Armour Shoppe.
  3451 | D:5      | Noticed a water moccasin
  3460 | D:5      | Found a stormy altar of Qazlal.
  3466 | D:5      | Reached skill level 5 in Shields
  3473 | D:5      | Killed a water moccasin
  3474 | D:5      | Reached skill level 6 in Axes
  3474 | D:5      | Reached XP level 7. HP: 28/61 MP: 6/6
  3798 | D:5      | Found an ancient bone altar of Kikubaaqudgha.
  3884 | D:5      | Found a shimmering blue altar of Sif Muna.
  4291 | D:5      | Found a runed translucent door.
  4292 | D:5      | Noticed Crazy Yiuf
  4302 | D:5      | Killed Crazy Yiuf
  4462 | D:6      | Reached skill level 1 in Throwing
  4467 | D:6      | Reached skill level 7 in Axes
  4558 | D:6      | Reached skill level 5 in Dodging
  4558 | D:6      | Reached XP level 8. HP: 53/68 MP: 7/7
  4617 | D:6      | Found a shimmering altar of Xom.
  4634 | D:6      | Noticed Prince Ribbit
  4660 | D:6      | Killed Prince Ribbit
  4661 | D:6      | Reached skill level 1 in Spellcasting
  4679 | D:6      | Found a shimmering altar of Xom.
  4686 | D:6      | Reached skill level 8 in Axes
  4686 | D:6      | Found a shimmering altar of Xom.
  4800 | D:6      | Found a shimmering altar of Xom.
  4800 | D:6      | Found a shimmering altar of Xom.
  4801 | D:6      | Found a shimmering altar of Xom.
  4980 | D:6      | Noticed Pikel
  4997 | D:6      | Killed Pikel
  4998 | D:6      | Reached XP level 9. HP: 66/74 MP: 9/11
  5021 | D:6      | Found a hazy altar of Hepliaklqana.
  5025 | D:6      | Noticed Dowan
  5028 | D:6      | Noticed Duvessa
  5044 | D:6      | Killed Duvessa
  5045 | D:6      | Reached skill level 9 in Axes
  5057 | D:6      | Killed Dowan
  5153 | D:6      | Reached skill level 5 in Throwing
  5302 | D:6      | Found a white marble altar of Elyvilon.
  5633 | D:7      | Reached skill level 10 in Axes
  5710 | D:7      | Identified the +5 trident of the Tundras {vorpal, rPois
                  | MP+9 Int+3}
  5811 | D:7      | Found a staircase to the Ecumenical Temple.
  6115 | D:7      | Reached XP level 10. HP: 86/86 MP: 15/15
  6120 | Temple   | Entered the Ecumenical Temple
  6916 | D:8      | Reached skill level 11 in Axes
  6923 | D:7      | HP: 1/88 [yak (5)]
  6924 | D:7      | Mangled by a yak

Illustrated notes

Levels and vault maps discovered:
D:1:      lemuel_arrival_funnel, layout_basic, serial_shops,
          nicolae_shop_behind_doors, nicolae_square_shop, shop
D:2:      layout_loops_ring, basic_altar, chequers_ecumenical_altar_simple,
          serial_forest, infiniplex_forest_zigzag_1, infiniplex_forest_end_1,
          infiniplex_forest_straight_2, infiniplex_forest_lined_3,
          infiniplex_forest_clump_double, infiniplex_forest_join,
          infiniplex_forest_zigzag_1, wander_ebering_terrifying_dragon_lair
D:3:      layout_loops_cross, serial_shops, shop
D:4:      layout_gridville, evilmike_ruin_ashenzari,
          mainiacjoe_overflow_concentric_impassable, minmay_misc_feat_rows,
          grunt_ministairs_3
D:5:      layout_loops_cross, kiku_gazebo_garden_becter, tgw_sif,
          nicolae_qazlal_general_emergency, serial_shops,
          nicolae_shop_temple_entry_statues_fountains, minmay_hedge_maze,
          uniq_crazy_yiuf_cottage
D:6:      layout_cave_pools, old_standard_altar, xom_redecorated,
          mainiacjoe_overflow_24_doors, uniq_prince_ribbit1, uniq_pikel,
          uniq_duvessa
D:7:      layout_layer_cave, minmay_temple_entry_mini_moons, serial_undead,
          serial_undead_e, serial_undead_e, serial_undead_a, serial_undead_b,
          worms_lemuel
D:8:      layout_basic, minmay_shop_grid_forest
Temple:   grunt_temple_mini_profane

Skill      XL: |  1  2  3  4  5  6  7  8  9 10 |
---------------+-------------------------------+-----
Fighting       | 4 5 7 |  7.7
Armour         | 4 5 |  5.0
Axes           | 3 4 5 6 7 8 10 11 | 11.0
Dodging        | 1 3 5 |  5.0
Shields        | 4 5 |  5.0
Throwing       | 2 4 5 |  5.0
Spellcasting   | 2 4 |  4.5

Action                   |  1- 3 |  4- 6 |  7- 9 | 10-12 || total
-------------------------+-------+-------+-------+-------++-------
Melee: War axe           |    81 |   121 |   214 |    40 ||   456
       Headbutt          |    11 |    21 |    39 |     8 ||    79
Throw: Throwing net      |       |     1 |     3 |       ||     4
Invok: Curse Item        |       |       |     1 |       ||     1
  Use: Scroll            |       |    12 |     2 |     1 ||    15
       Potion            |       |       |       |     1 ||     1
Armor: Scale mail        |    42 |       |       |       ||    42
       Chain mail        |     2 |    78 |    41 |       ||   121
       Plate armour      |       |       |    84 |    29 ||   113
Dodge: Dodged            |    44 |    38 |   149 |    33 ||   264
Block: Buckler           |    23 |    27 |    64 |    15 ||   129

Table legend: (Time is in decaauts)
 A = Elapsed time spent in this place.
 B = Non-inter-level travel time spent in this place.
 C = Inter-level travel time spent in this place.
 D = Time resting spent in this place.
 E = Time spent auto-exploring this place.
 F = Levels seen in this place.
 G = Mean time per level.
                   A        B        C        D        E       F      G
               +--------+--------+--------+--------+--------+-----+--------+
         Total |   7025 |   6707 |    318 |    135 |   5130 |   9 |  780.6 |
       Dungeon |   6814 |   6534 |    280 |    135 |   4960 |   8 |  851.8 |
        Temple |    211 |    173 |     38 |      0 |    170 |   1 |  211.0 |
               +--------+--------+--------+--------+--------+-----+--------+

Top non-repeatable levels by time:
     D:7: 1287 daAuts
     D:5: 1214 daAuts
     D:2: 1028 daAuts
     D:6: 991 daAuts
     D:4: 778 daAuts
     D:1: 761 daAuts
     D:3: 734 daAuts
  Temple: 211 daAuts
     D:8: 17 daAuts
